 Dungeon Crawl Stone Soup version 0.22-a0-799-g88f5e907b7 (webtiles) character file.

172 Bapho the Conjurer (level 5, -1/28 HPs)
             Began as a Tengu Conjurer on July 21, 2018.
             Succumbed to an orc wizard's poison
             ... on level 3 of the Dungeon.
             The game lasted 00:04:56 (2187 turns).

Bapho the Conjurer (Tengu Conjurer)                 Turns: 2187, Time: 00:04:57

Health: -1/28      AC:  3    Str:  5 (8)  XL:     5   Next: 52%
Magic:  2/10       EV: 18    Int: 13 (16) God:
Gold:   111        SH:  0    Dex: 17 (20) Spells: 2/10 levels left

rFire    . . .     SeeInvis .   d - +2 hand axe (venom)
rCold    . . .     Gourm    .   (no shield)
rNeg     . . .     Faith    .   a - +0 robe
rPois    .         Spirit   .   o - +1 hat
rElec    .         Reflect  .   (no cloak)
rCorr    .         Harm     .   (no gloves)
MR       .....                  (boots unavailable)
Stlth    +++.......             (no amulet)
HPRegen  0.09/turn              (no ring)
MPRegen  0.12/turn              (no ring)

@: agile, lethally poisoned (-1 -> -27)
A: beak, talons 3, able to fly 1
a: Fly


You were on level 3 of the Dungeon.
You were hungry.

You visited 1 branch of the dungeon, and saw 3 of its levels.

You collected 111 gold pieces.

Inventory:

Hand Weapons
 d - a +2 hand axe of venom (weapon)
Armour
 a - a +0 robe (worn)
 o - a +1 hat (worn)
Scrolls
 b - 2 scrolls of teleportation {unknown}
 e - 4 scrolls of remove curse {unknown}
 g - 3 scrolls of identify {unknown}
 k - a scroll of enchant armour {unknown}
 l - a scroll of random uselessness {unknown}
 m - a scroll of noise {unknown}
Potions
 h - a potion of degeneration
 j - a potion of mutation {unknown}
 n - a potion of brilliance {unknown}
 p - a potion of cancellation {unknown}
Comestibles
 c - 2 rations


   Skills:
 + Level 0.9 Fighting
 * Level 1.6 Axes
 + Level 1.0 Armour
 + Level 2.5 Dodging
 - Level 2.0 Stealth
 - Level 3.0 Spellcasting
 - Level 7.1 Conjurations


You had 2 spell levels left.
You knew the following spells:

 Your Spells              Type           Power        Failure   Level  Hunger
a - Magic Dart            Conj           ###.         1%          1    #......
b - Iskenderun's Mystic   Conj           ###.....     12%         4    #####..
c - Dazzling Spray        Conj/Hex       ##....       16%         3    ###....

Your spell library contained the following spells:

 Spells                   Type           Power        Failure   Level  Hunger
 Fulminant Prism          Conj/Hex       ##........   47%         4    #####..
 Force Lance              Conj/Tloc      ##......     47%         4    #####..
 Searing Ray              Conj           ###...       1%          2    ###....


Dungeon Overview and Level Annotations

Branches:
Dungeon (3/15)

Altars:


Innate Abilities, Weirdness & Mutations

You have a beak for a mouth.
You have claws for feet.
You can fly.


Message History

Your Armour skill increases to level 1!
* * * LOW HITPOINT WARNING * * *
You feel very sick.
* * * LOW HITPOINT WARNING * * *
You feel sick.
Things that are here:
a dagger of venom; a robe; an orc corpse You butcher the orc corpse.
* * * LOW HITPOINT WARNING * * *
You feel sick.
Things that are here:
a dagger of venom; a robe; 4 chunks of flesh It was a potion of degeneration.
There was something very wrong with that liquid.
You feel weakened.
You feel dopey.
You feel clumsy.
* * * LOW HITPOINT WARNING * * *
You feel very sick.
It was a potion of agility.
You feel agile all of a sudden.
You die...

#.# ##...........##
###.###..#...........
.....#.....##....####
#.....#.##....# #
#....##.##.#### #
#...###.##.# #
#..####)##.# #
#.)).((....# #
#@#####......# #
..........# #.####.#
#.#.#.#.#.# #.# ...
......#.##.# ### #.#
#.# #.#.# >.. ...
##.| #.# #.# ... ..
...


There were no monsters in sight!

Vanquished Creatures
  An orc wizard (D:3)
  A worker ant (D:3)
  3 adders
  3 gnolls (D:2)
  A worm (D:2)
  A leopard gecko (D:2)
  6 orcs
  A giant cockroach (D:1)
  4 goblins
  6 hobgoblins
  9 jackals
  A ball python skeleton (D:2)
  2 bats
  3 frilled lizards (D:1)
  4 kobolds
  8 rats
54 creatures vanquished.

Notes
Turn   | Place    | Note
-------+----------+-------------------------------------------
     0 | D:1      | Bapho the Tengu Conjurer began the quest for the Orb.
     0 | D:1      | Reached XP level 1. HP: 10/10 MP: 4/4
    25 | D:1      | Reached XP level 2. HP: 5/15 MP: 3/6
   268 | D:1      | Reached skill level 6 in Conjurations
   679 | D:1      | Reached XP level 3. HP: 19/19 MP: 4/7
  1192 | D:2      | Reached XP level 4. HP: 24/24 MP: 2/9
  1380 | D:2      | Learned a level 4 spell: Iskenderun's Mystic Blast
  1384 | D:2      | Learned a level 3 spell: Dazzling Spray
  1399 | D:2      | Reached skill level 7 in Conjurations
  1827 | D:3      | Reached skill level 1 in Axes
  1827 | D:3      | Gained mutation: You can fly. [Tengu growth]
  1827 | D:3      | Reached XP level 5. HP: 17/28 MP: 1/10
  2183 | D:3      | Reached skill level 1 in Armour
  2186 | D:3      | HP: 1/28 [poisoned by an orc wizard]
  2187 | D:3      | Succumbed to an orc wizard's poison

Vault maps used:
D:1:      erik_arrival_blinker_ship
D:2:      first_ration, serial_bayou_pond_b
D:3:      st_stairs_10, uniq_terence

Skill      XL: |  1  2  3  4  5 |
---------------+----------------+-----
Conjurations   | 6 7 |  7.1
Spellcasting   | 3 |  3.0
Axes           | 1 |  1.6
Armour         | 1 |  1.0
Fighting       | |  0.9
Dodging        | |  2.5
Stealth        | |  2.0

Action                   |  1- 3 |  4- 6 || total
-------------------------+-------+-------++-------
Melee: Hand axe          |    27 |    12 ||    39
       Kick              |     3 |     3 ||     6
       Peck              |     3 |       ||     3
       Unarmed           |     1 |       ||     1
 Cast: Magic Dart        |    38 |    43 ||    81
       Iskenderun's Myst |       |     1 ||     1
       Dazzling Spray    |       |     3 ||     3
  Use: Potion            |       |     2 ||     2
  Eat: Chunk             |     1 |     3 ||     4
Armor: Robe              |     8 |     2 ||    10
Dodge: Dodged            |    32 |     5 ||    37

Table legend:
 A = Spawn XP
 B = Non-spawn XP
 C = Spawn XP percentage of total XP
 D = Spawn monster count
 E = Non-spawn monster count
 F = Spawn count percentage of total count
 G = Total turns spent on level
                    A         B        C        D         E        F      G
               +---------+---------+-------+---------+---------+-------+---------
         Total |       0 |     246 |   0.0 |       0 |      54 |   0.0 |  2187
               +---------+---------+-------+---------+---------+-------+---------
           D:1 |       0 |      35 |   0.0 |       0 |      23 |   0.0 |   703
           D:2 |       0 |     104 |   0.0 |       0 |      21 |   0.0 |  1087
           D:3 |       0 |     107 |   0.0 |       0 |      10 |   0.0 |   397
               +---------+---------+-------+---------+---------+-------+---------
